 Dungeon Crawl Stone Soup version 0.29-a0-837-g174bc33265 (webtiles) character file.

Game seed: 14124500172647658908

9554 PentaManta the Spry (level 11, -4/80 HPs)
             Began as a Merfolk Berserker on July 13, 2022.
             Was a Priest of Trog.
             Killed from afar by a fire dragon (48 damage)
             ... with a blast of flame
             ... on level 1 of the Lair of Beasts.
             The game lasted 00:26:20 (12332 turns).

PentaManta the Spry (Merfolk Berserker)            Turns: 12332, Time: 00:26:29

Health: -4/80      AC:  7    Str: 17    XL:     11   Next: 48%
Magic:  11/11      EV: 21    Int:  7    God:    Trog [***...]
Gold:   362        SH:  9    Dex: 18    Spells: 10/10 levels left

rFire   . . .      SeeInvis .   m - +5 scimitar (freeze)
rCold   . . .      Faith    .   N - +0 kite shield
rNeg    . . .      Spirit   .   H - +0 steam dragon scales
rPois   .          Reflect  .   h - +1 hat
rElec   .          Harm     .   c - +0 cloak
rCorr   .          Rampage  .   (no gloves)
Will    .....                   (no boots)
Stlth   ++........              (no amulet)
HPRegen 0.23/turn               (no ring)
MPRegen 0.12/turn               (no ring)

@: about to teleport
A: (nimble swimmer 2), mertail
a: Renounce Religion, Berserk, Trog's Hand


You were on level 1 of the Lair of Beasts.
You worshipped Trog.
Trog was most pleased with you.
You visited 3 branches of the dungeon, and saw 12 of its levels.

You collected 494 gold pieces.
You spent 132 gold pieces at shops.

Inventory:

Hand Weapons
 j - a +2 dagger of venom
 m - a +5 scimitar of freezing (weapon)
 n - a +3 great sword
 s - the +7 dagger "Zitemn" {vorpal, Contam Int+6 Dex+7}
   (You found it on level 5 of the Dungeon)

   It inflicts extra damage upon your enemies.
   Int:       It affects your intelligence (+6).
   Dex:       It affects your dexterity (+7).
   Contam:    It causes magical contamination when unequipped.
 w - a +0 rapier
 K - the +6 sling of Tawn {flame, Int+6}
   (You took it off an orc warrior on level 9 of the Dungeon)

   Any ammunition fired from it burns those it strikes, dealing additional fire
   damage.
   Int:       It affects your intelligence (+6).
Missiles
 k - 28 poisoned darts (quivered)
 y - 4 atropa-tipped darts
 C - a curare-tipped dart
Armour
 a - a +1 robe of positive energy
 c - a +0 cloak (worn)
 h - a +1 hat (worn)
 A - a +0 robe of cold resistance
 G - the +0 leather armour of the Gravedigger {rElec}
   (You found it on level 8 of the Dungeon)

   rElec:     It insulates you from electricity.
 H - +0 steam dragon scales (worn)
 L - a +0 troll leather armour
 N - a +0 kite shield (worn)
Jewellery
 p - an amulet of faith
 r - an amulet of guardian spirit
Wands
 b - a wand of flame (37)
 u - a wand of roots (12)
 v - a wand of polymorph (11)
 E - a wand of mindburst (23)
 F - a wand of paralysis (3)
 I - a wand of light (13)
 M - a wand of digging (6)
Scrolls
 d - a scroll of brand weapon
 e - 2 scrolls of vulnerability
 B - 3 scrolls of blinking
Potions
 i - 3 potions of might
 l - 3 potions of flight
 o - a potion of haste
 q - a potion of brilliance
 t - a potion of magic
 x - a potion of attraction
 z - a potion of mutation
 D - a potion of invisibility
 J - 2 potions of berserk rage


   Skills:
 + Level 5.3 Fighting
 - Level 14.1 Long Blades
 - Level 1.3 Armour
 - Level 16.0 Dodging
 * Level 2.9 Shields


You had 10 spell levels left.
You didn't know any spells.
Your spell library contained the following spells:

 Spells                   Type           Power      Damage    Failure   Level
 Magic Dart               Conj           0%         1d3       82%         1
 Necrotise                Necr           0%         1d4       82%         1
 Searing Ray              Conj           0%         2d4       91%         2
 Vampiric Draining        Necr           0%         2d6       99%         3
 Fulminant Prism          Conj/Hex       0%         3d6       100%        4
 Iskenderun's Mystic Bla  Conj/Tloc      0%         2d3       100%        4
 Agony                    Necr           0%         N/A       100%        5
 Iskenderun's Battlesphe  Conj           0%         2d6       100%        5
 Lee's Rapid Deconstruct  Erth           0%         3d5*      100%        5
 Iron Shot                Conj/Erth      0%         9d1       100%        6
 Spellforged Servitor     Conj/Summ      0%         N/A       100%        7


Dungeon Overview and Level Annotations

Branches:
Dungeon (10/15)            Temple (1/1) D:6            Lair (1/6) D:9
    Orc: D:9-12

Altars:
Ashenzari
Cheibriados
Dithmenos
Elyvilon
Gozag
Kikubaaqudgha
Makhleb
Nemelex Xobeh
Okawaru
Ru
Sif Muna
Trog
Xom
Yredelemnul
Zin
The Shining One

Shops:
D:3 :   D:4 ?

Annotations:
D:8 4 transporters
D:9 3 runed translucent doors, Rakan12345's ghost, novice DrBe; crawlogic's ghost, novice HOBe; crawlogic's ghost, novice NaBe; zebulonius's ghost, novice MiBe


Innate Abilities, Weirdness & Mutations

((You are very nimble when in or above water. (Stealth+, EV+, Speed+++)))
Your lower body shifts to a powerful aquatic tail in water.


Message History

A molten gargoyle comes into view. It is wielding a +0 mace.
The molten gargoyle blasts magma at you!
The bolt of magma misses you.
The molten gargoyle blasts magma at you!
The bolt of magma misses you.
A fire dragon and a fire elemental come into view.
Found 26 gold pieces.
The molten gargoyle blasts magma at you!
The bolt of magma hits you!
The molten gargoyle blasts magma at you!
The bolt of magma misses you.
Found 18 gold pieces and 2 potions of flight.
The fire dragon roars deafeningly!
The molten gargoyle completely misses you.
Found 8 gold pieces.
The water moccasin hisses angrily.
You hit the molten gargoyle. You freeze the molten gargoyle.
The molten gargoyle is lightly damaged.
The molten gargoyle completely misses you.
You hit the molten gargoyle but do no damage.
The molten gargoyle is lightly damaged.
You barely miss the molten gargoyle.
The molten gargoyle is lightly damaged.
The fire dragon breathes flames at you.
The blast of flame hits the molten gargoyle.
The molten gargoyle completely resists.
The blast of flame misses you.
The molten gargoyle hits you with a +0 flail!
You are engulfed in flames!
The molten gargoyle closely misses you. You block the fire elemental's attack.
The molten gargoyle attacks as you move away!
The molten gargoyle misses you. You block the molten gargoyle's attack.
The molten gargoyle blasts magma at you!
The bolt of magma misses you.
As you read the scroll of teleportation, it crumbles to dust.
You feel strangely unstable. The fire dragon breathes flames at you.
The blast of flame hits the molten gargoyle.
The molten gargoyle completely resists.
The blast of flame hits you!!!
Ouch! That really hurt!
You die...

#### ####§§≈####
###..§§≈≈....
##....≈§≈S...!
###....E☼≈D≈§§$$
#####.....@9.○≈≈§§$$
######..........9.°≈≈§≈≈≈
#......#####........§§≈≈§
##.###### ##.......≈§≈§≈
#..# ####...≈§≈≈≈≈ #.##
######≈≈≈§ #.#### ≈≈≈≈
#....# #≈≈ ####.#


You could see a fire dragon (catching breath), a fire elemental, 2 molten
gargoyles and a water moccasin.

Vanquished Creatures
  Pikel (D:8)
  Psyche (D:8)
  Maggie (D:8)
  A kobold demonologist (D:9)
  3 komodo dragons (Lair:1)
  2 hornets (D:9)
  A troll (D:9)
  The ghost of paps the Cutter, an amateur OpGl (D:4)
  Sigmund (D:2)
  A shadow (D:10)
  A wyvern (D:9)
  9 yaks (D:9)
  Eustachio (D:6)
  3 steam dragons
  Edmund (D:6)
  An acid dragon (D:9)
  3 water moccasins (Lair:1)
  4 orc warriors
  3 ogres
  2 black bears
  2 wolves (D:9)
  2 centaurs (D:9)
  2 lemures (D:8)
  4 kobold brigands
  6 bullfrogs
  2 scorpions (D:6)
  3 necrophages
  11 wights
  3 howler monkeys (D:10)
  An electric eel (Lair:1)
  3 jellies
  6 hounds
  6 orc priests
  2 gnoll boudas
  Natasha (twice) (D:3)
  An iguana (D:6)
  11 orc wizards
  12 gnolls
  7 adders
  A shadow imp (D:5)
  A white imp (D:6)
  An ufetubus (D:7)
  6 dart slugs
  25 orcs
  8 ball pythons
  5 endoplasms
  3 giant cockroaches
  4 goblins
  8 hobgoblins
  8 jackals
  3 quokkas
  5 bats
  3 frilled lizards
  16 kobolds
  3 rats
227 creatures vanquished.

Vanquished Creatures (others)
  A black bear (D:5)
  A scorpion (D:5)
  2 hounds (D:5)
  A gnoll bouda (D:5)
  2 iguanas (D:5)
  An orc wizard (D:5)
  An adder (D:5)
  3 orcs
  3 kobolds (D:8)
  A fungus (Lair:1)
  6 plants (Lair:1)
  2 withered plants (D:9)
24 creatures vanquished.

Grand Total: 251 creatures vanquished

Notes
Turn   | Place    | Note
-------+----------+-------------------------------------------
     0 | D:1      | PentaManta the Merfolk Berserker began the quest for the
                  | Orb.
     0 | D:1      | Reached XP level 1. HP: 18/18 MP: 1/1
   294 | D:1      | Reached skill level 3 in Dodging
   367 | D:1      | Reached XP level 2. HP: 19/24 MP: 2/2
  1117 | D:2      | Found a faded altar of an unknown god.
  1187 | D:2      | Reached ** piety under Trog
  1188 | D:2      | Reached XP level 3. HP: 29/29 MP: 3/3
  1334 | D:2      | Reached skill level 4 in Dodging
  1429 | D:2      | Noticed an ogre
  1435 | D:2      | Killed an ogre
  1436 | D:2      | Reached skill level 5 in Long Blades
  1436 | D:2      | Reached skill level 5 in Dodging
  1436 | D:2      | Reached XP level 4. HP: 35/35 MP: 4/4
  1436 | D:2      | Reached XP level 5. HP: 41/41 MP: 5/5
  1449 | D:2      | Noticed Sigmund
  1480 | D:2      | Killed Sigmund
  1481 | D:2      | Reached skill level 6 in Dodging
  1481 | D:2      | Reached XP level 6. HP: 18/47 MP: 6/6
  1686 | D:2      | Found a shimmering blue altar of Sif Muna.
  2349 | D:3      | Noticed Natasha
  2359 | D:3      | Killed Natasha
  2613 | D:3      | Found a glowing golden altar of the Shining One.
  2773 | D:3      | Noticed Natasha
  2775 | D:3      | Found an opulent altar of Gozag.
  2780 | D:3      | Killed Natasha
  3010 | D:3      | Found Ryidghebe's Book Shop.
  3375 | D:4      | Noticed a steam dragon
  3396 | D:4      | Killed a steam dragon
  3397 | D:4      | Reached skill level 7 in Dodging
  3397 | D:4      | Reached XP level 7. HP: 22/52 MP: 7/7
  3667 | D:4      | Found a runed translucent door.
  3667 | D:4      | Noticed paps's ghost (amateur OpGl)
  3948 | D:4      | Reached *** piety under Trog
  4173 | D:4      | Found Baew's Magic Scroll Boutique.
  4205 | D:4      | Bought a scroll of identify for 24 gold pieces
  4205 | D:4      | Bought a scroll of identify for 24 gold pieces
  4205 | D:4      | Bought 3 scrolls of identify for 72 gold pieces
  4205 | D:4      | Bought a scroll of noise for 12 gold pieces
  4377 | D:4      | Killed paps's ghost
  4378 | D:4      | Reached skill level 8 in Dodging
  4403 | D:5      | Entered Level 5 of the Dungeon
  4488 | D:5      | Reached XP level 8. HP: 54/58 MP: 6/8
  4624 | D:5      | Identified the +7 dagger "Zitemn" {vorpal, Contam Int+6
                  | Dex+7}
  4626 | D:5      | Found a shimmering altar of Xom.
  4666 | D:5      | Reached skill level 9 in Dodging
  4935 | D:5      | Found a sacrificial altar of Ru.
  5465 | D:6      | Reached skill level 10 in Dodging
  5700 | D:6      | Reached skill level 10 in Long Blades
  5717 | D:6      | Noticed Eustachio
  5833 | D:6      | Killed Eustachio
  5834 | D:6      | Reached XP level 9. HP: 64/64 MP: 6/9
  5939 | D:6      | You fall into a shaft and drop 2 floors!
  6077 | D:7      | Reached skill level 11 in Dodging
  6111 | D:7      | HP: 1/64 [something (7)]
  6114 | D:7      | Found a white marble altar of Elyvilon.
  6857 | D:6      | Found a basalt altar of Yredelemnul.
  6995 | D:6      | Found a staircase to the Ecumenical Temple.
  7157 | D:6      | Reached skill level 12 in Dodging
  7467 | D:6      | Found a shadowy altar of Dithmenos.
  7508 | D:6      | Noticed Edmund
  7521 | D:6      | Killed Edmund
  7793 | Temple   | Entered the Ecumenical Temple
  7993 | D:8      | Noticed Psyche
  8001 | D:8      | Paralysed by Psyche for 3 turns
  8006 | D:8      | Killed Psyche
  8011 | D:8      | Reached XP level 10. HP: 70/70 MP: 7/10
  8136 | D:8      | Found a transporter.
  8137 | D:8      | Found a transporter.
  8139 | D:8      | Found a transporter.
  8164 | D:8      | Noticed Pikel
  8172 | D:8      | Killed Pikel
  8173 | D:8      | Reached skill level 13 in Dodging
  8413 | D:8      | Identified the +0 leather armour of the Gravedigger {rElec}
  8533 | D:8      | Noticed Maggie
  8543 | D:8      | Killed Maggie
  8775 | D:8      | Found a transporter.
  9145 | D:9      | Reached skill level 14 in Dodging
  9159 | D:9      | Identified the +6 sling of Tawn {flame, Int+6}
  9674 | D:9      | Found a runed translucent gate.
  9674 | D:9      | Noticed Rakan12345's ghost (novice DrBe)
  9675 | D:9      | Found a runed translucent gate.
  9675 | D:9      | Noticed crawlogic's ghost (novice HOBe)
  9675 | D:9      | Noticed crawlogic's ghost (novice NaBe)
  9676 | D:9      | Found a runed translucent gate.
  9676 | D:9      | Noticed zebulonius's ghost (novice MiBe)
  9736 | D:9      | Noticed a kobold demonologist
  9745 | D:9      | Reached skill level 15 in Dodging
  9753 | D:9      | Killed a kobold demonologist
  9754 | D:9      | Reached XP level 11. HP: 21/75 MP: 3/11
 10031 | D:9      | Found a staircase to the Lair.
 10243 | D:9      | Paralysed by a hornet for 1 turns
 10251 | D:9      | HP: 3/75 [poisoned by a hornet]
 10740 | D:10     | Entered Level 10 of the Dungeon
 11437 | Lair:1   | Entered Level 1 of the Lair of Beasts
 11447 | Lair:1   | Reached skill level 16 in Dodging
 11453 | Lair:1   | Reached skill level 1 in Shields
 11682 | Lair:1   | Reached skill level 5 in Fighting
 12220 | Lair:1   | Found a bloodstained altar of Trog.
 12325 | Lair:1   | Noticed a fire dragon
 12332 | Lair:1   | Killed from afar by a fire dragon

Illustrated notes

Levels and vault maps discovered:
D:1:      onia_arrival_mini_spirals, layout_basic, minmay_crystal_water,
          minmay_unequal
D:2:      layout_basic, ebering_ecumenical_altar_petrified, basic_altar,
          st_stairs_1, uniq_sigmund
D:3:      layout_basic, nicolae_gozag_cash_rules_everything_around_me,
          nicolae_tso_swordbearing_angel, serial_shops, shop,
          chequers_serial_rivers_room_b, uniq_natasha
D:4:      nicolae_BIG_FREAKIN_CUBE, layout_gridville, serial_shops,
          nicolae_shop_advertising_works [nicolae_subvault_shop_adworks],
          hellmonk_ghost_happy_afterlife, minmay_between
D:5:      minmay_spotlight, layout_basic, xom_confusion_cloud,
          mainiacjoe_overflow_alcove_2
D:6:      layout_cave_pods, mainiacjoe_overflow_boulevard,
          yredelemnul_altar_generic, minmay_temple_entry_sparse_star,
          reono_crystal_passage, uniq_edmund, uniq_eustachio
D:7:      layout_loops_ring, elyvilon_altar_1, grunt_temple_overflow_open,
          nicolae_elevator_lobby_plus, uniq_joseph
D:8:      layout_cave_pools, nicolae_diode_quadrants, uniq_psyche, uniq_pikel,
          uniq_maggie
D:9:      layout_basic, erik_lair_island, gammafunk_ghost_cemetery
D:10:     minmay_roctagon, layout_rooms
Temple:   hellmonk_temple_rainy
Lair:1:   dragon1_lemuel, layout_gridlike, basic_altar,
          cheibrodos_lair_reptile_den, serial_bayou_shore_a

Skill      XL: |  1  2  3  4  5  6  7  8  9 10 11 |
---------------+----------------------------------+-----
Dodging        | 3 5 6 7 8 10 12 15 16 | 16.0
Long Blades    | 4 5 6 7 8 10 12 14 | 14.1
Fighting       | 5 |  5.3
Shields        | 2 |  2.9
Armour         | |  1.3

Action                   |  1- 3 |  4- 6 |  7- 9 | 10-12 || total
-------------------------+-------+-------+-------+-------++-------
Melee: Falchion          |   104 |   134 |   333 |       ||   571
       Punch             |       |     3 |     6 |     1 ||    10
       Scimitar          |       |       |    53 |   259 ||   312
       Great sword       |       |       |       |     9 ||     9
       Tailslap          |       |       |       |     1 ||     1
 Fire: Sling             |       |       |       |     1 ||     1
Throw: Dart              |       |       |       |     2 ||     2
Invok: Berserk           |     1 |     2 |    10 |     8 ||    21
       Trog's Hand       |       |     1 |     3 |     2 ||     6
Evoke: Wand              |       |       |       |     1 ||     1
  Use: Potion            |       |     1 |     4 |     1 ||     6
       Scroll            |       |       |    13 |     7 ||    20
 Stab: Sleeping          |     1 |       |       |     1 ||     2
Armor: Animal skin       |     8 |       |       |       ||     8
       Ring mail         |    37 |    38 |    67 |    18 ||   160
       Steam dragon scal |       |       |       |    25 ||    25
Dodge: Dodged            |    71 |   104 |   259 |   221 ||   655
Block: Kite shield       |       |       |       |    12 ||    12

Table legend: (Time is in decaauts)
 A = Elapsed time spent in this place.
 B = Non-inter-level travel time spent in this place.
 C = Inter-level travel time spent in this place.
 D = Time resting spent in this place.
 E = Time spent auto-exploring this place.
 F = Levels seen in this place.
 G = Mean time per level.
                   A        B        C        D        E       F      G
               +--------+--------+--------+--------+--------+-----+--------+
         Total |  12352 |  12025 |    327 |   1582 |   8143 |  12 | 1029.3 |
       Dungeon |  11595 |  11268 |    327 |   1509 |   7647 |  10 | 1159.5 |
        Temple |     27 |     27 |      0 |      0 |      0 |   1 |   27.0 |
          Lair |    728 |    728 |      0 |     73 |    496 |   1 |  728.0 |
               +--------+--------+--------+--------+--------+-----+--------+

Top non-repeatable levels by time:
     D:9: 2403 daAuts
     D:4: 1394 daAuts
     D:6: 1366 daAuts
     D:2: 1305 daAuts
     D:7: 1075 daAuts
     D:5: 1052 daAuts
     D:8: 1038 daAuts
     D:1: 1030 daAuts
  Lair:1: 728 daAuts
     D:3: 700 daAuts
    D:10: 228 daAuts
  Temple: 27 daAuts
